 Dungeon Crawl Stone Soup version 0.24-a0-613-g1ff6aac338 (webtiles) character file.

Game seed: 10289261687331537559, levelgen mode: deterministic

168 Mame the Ruffian (level 5, -9/42 HPs)
             Began as a Draconian Transmuter on Sept 10, 2019.
             Was a Follower of Fedhas.
             Killed from afar by a ball python (11 damage)
             ... with an exploding inner flame
             ... transmuted by the player character
             ... hexed by the player character
             ... on level 3 of the Dungeon.
             The game lasted 00:17:08 (2419 turns).

Mame the Ruffian (Draconian Transmuter)             Turns: 2419, Time: 00:17:11

Health: -9/42      AC:  6    Str: 14    XL:     5   Next: 23%
Magic:  2/8        EV: 12    Int: 13    God:    Fedhas [*.....]
Gold:   133        SH:  2    Dex: 11    Spells: 5/8 levels left

rFire    + . .     SeeInvis .     - Unarmed
rCold    + . .     Gourm    .   (no shield)
rNeg     + . .     Faith    .   (armour unavailable)
rPois    +         Spirit   .   (helmet restricted)
rElec    +         Reflect  +   i - +0 cloak
rCorr    +         Harm     .   (no gloves)
MR       .....                  (no boots)
Stlth    +.........             b - +2 amulet of reflection
HPRegen  0.14/turn              e - ring of positive energy
MPRegen  0.11/turn              (no ring)

@: lethally poisoned (-9 -> -11), resistant
A: unfitting armour, cold-blooded, AC +5
a: Fungal Bloom, Sunlight, Renounce Religion


You were on level 3 of the Dungeon.
You worshipped Fedhas.
Fedhas was aware of your devotion.
You were not hungry.

You visited 1 branch of the dungeon, and saw 3 of its levels.

You collected 133 gold pieces.

Inventory:

Missiles
 a - 10 arrows
Armour
 i - a +0 cloak (worn)
Jewellery
 b - a +2 amulet of reflection (around neck)
 d - an uncursed ring of ice
 e - a ring of positive energy (left hand)
Scrolls
 f - a scroll of remove curse
 h - 5 scrolls of identify
 k - a scroll of magic mapping {unknown}
 l - 2 scrolls of amnesia {unknown}
Comestibles
 c - 4 rations


   Skills:
 + Level 2.4 Fighting
 + Level 2.7 Dodging
 + Level 3.7 Unarmed Combat
 - Level 2.0 Spellcasting
 * Level 3.7 Transmutations


You had 5 spell levels left.
You knew the following spells:

 Your Spells              Type           Power        Failure   Level  Hunger
a - Beastly Appendage     Tmut           ##....       5%          1    ##.....
b - Sticks to Snakes      Tmut           ##......     9%          2    ###....

Your spell library contained the following spells:

 Spells                   Type           Power        Failure   Level  Hunger
 Spider Form              Tmut/Pois      #.........   34%         3    ####...
 Ice Form                 Ice/Tmut       #.......     75%         4    #####..
 Blade Hands              Tmut           ##........   83%         5    ######.


Dungeon Overview and Level Annotations

Branches:
Dungeon (3/15)

Altars:
Fedhas
Makhleb

Annotations:
D:3 Sigmund


Innate Abilities, Weirdness & Mutations

Your plain brown scales are hard. (AC +5)
You cannot fit into any form of body armour.
You are cold-blooded and may be slowed by cold attacks.


Message History

* * * LOW HITPOINT WARNING * * *
You feel sick. The worker ant bites you.
* * * LOW HITPOINT WARNING * * *
You feel protected.
The worker ant bites you but does no damage.
As you read the scroll labeled ELLASMUAXU, it crumbles to dust.
The scroll dissolves into smoke.
It was a scroll of fog.
The worker ant misses you.
Your ball python closely misses the worker ant.
Your ball python grabs the worker ant.
Your ball python constricts the worker ant.
As you read the scroll labeled ZEGROQA IQOV, it crumbles to dust.
The creatures around you are filled with an inner flame!
It was a scroll of immolation.
* * * LOW HITPOINT WARNING * * *
You feel sick. The worker ant bites your ball python.
Your ball python explodes!
The fiery explosion engulfs you! You resist.
You die...
Fedhas appreciates your contribution to the ecosystem.

#.........##................#####
#......##..#.....##.........#
#......###.#.#####..##..##.##
#####.####.....###..#..##..#
#........#........###.#######
#..........>.................
####.###..§§§.......##...####
#.###..§§§§§...[..# [
#######.##...§§@a§......# #.
#...<)......#§§§§§......# #..
#.........###..§.§.[....# ...
#.......###.............# ...
#.......# #.###........######...
#######.###.###.............#...
##......##.##..#####...........
##.........##########...###.##..
#...........## ##∩##...# #..# .


You could see a worker ant (inner flame).

Vanquished Creatures
  Jessica (D:2)
  A gnoll (D:1)
  2 adders (D:2)
  An ooze (D:2)
  2 worms (D:3)
  6 dart slugs
  4 leopard geckos
  An orc (D:3)
  9 bats
  A giant cockroach (D:3)
  5 goblins
  4 hobgoblins
  3 jackals (D:2)
  A ball python (D:3)
  7 frilled lizards
  4 kobolds
  6 rats
58 creatures vanquished.

Vanquished Creatures (collateral kills)
  A hound (D:3)
  A worm (D:3)
  3 orcs (D:3)
  A giant cockroach (D:3)
  2 hobgoblins (D:2)
8 creatures vanquished.

Vanquished Creatures (others)
  15 toadstools
15 creatures vanquished.

Grand Total: 81 creatures vanquished

Notes
Turn   | Place    | Note
-------+----------+-------------------------------------------
     0 | D:1      | Mame the Draconian Transmuter began the quest for the Orb.
     0 | D:1      | Reached XP level 1. HP: 16/16 MP: 3/3
   123 | D:1      | Reached XP level 2. HP: 10/23 MP: 5/5
   400 | D:1      | Reached XP level 3. HP: 14/29 MP: 6/6
  1040 | D:2      | Found a blossoming altar of Fedhas.
  1117 | D:2      | Learned a level 2 spell: Sticks to Snakes
  1120 | D:2      | Became a worshipper of Fedhas Madash
  1249 | D:2      | Reached XP level 4. HP: 29/36 MP: 7/7
  1263 | D:2      | Noticed Jessica
  1269 | D:2      | Killed Jessica
  1741 | D:3      | Found a burning altar of Makhleb.
  1759 | D:3      | Reached XP level 5. HP: 15/42 MP: 6/8
  2015 | D:3      | Found a faded altar of an unknown god.
  2015 | D:3      | Noticed Sigmund
  2213 | D:2      | Reached * piety under Fedhas
  2419 | D:3      | HP: 2/42 [poisoned by a worker ant]
  2419 | D:3      | Killed from afar by a ball python

Levels and vault maps discovered:
D:1:      dpeg_arrival_renting, layout_rooms, serial_bayou_pond_d
D:2:      layout_rooms, fedhas_altar_1, uniq_jessica
D:3:      layout_rooms, makhleb_blood_cavern_becter,
          chequers_ecumenical_altar_island, first_ration,
          nicolae_qazlal_eye_of_the_storm, uniq_sigmund

Skill      XL: |  1  2  3 |
---------------+----------+-----
Dodging        | 2 |  2.7
Fighting       | 2 |  2.4
Transmutations | 3 |  3.7
Unarmed Combat | |  3.7
Spellcasting   | |  2.0

Action                   |  1- 3 |  4- 6 || total
-------------------------+-------+-------++-------
Melee: Unarmed           |   136 |    89 ||   225
       Tailslap          |    12 |     4 ||    16
       Headbutt          |     6 |     1 ||     7
       Punch             |     2 |     1 ||     3
       Kick              |       |     3 ||     3
 Cast: Beastly Appendage |     4 |     4 ||     8
       Sticks to Snakes  |       |    22 ||    22
Invok: Fungal Bloom      |       |     8 ||     8
  Use: Scroll            |       |     4 ||     4
       Potion            |       |     1 ||     1
  Eat: Chunk             |     1 |     1 ||     2
       Ration            |       |     2 ||     2
Armor: Skin              |    45 |    33 ||    78
Dodge: Dodged            |   120 |    66 ||   186
Block: Other             |       |     2 ||     2

Table legend:
 A = Non-vault XP
 B = Vault XP
 C = Vault XP percentage of total XP
 D = Non-vault monster count
 E = Vault monster count
 F = Vault count percentage of total count
                 A         B        C        D         E       F
            +---------+---------+-------+---------+---------+-------
      Total |     163 |      77 |  32.1 |      64 |       2 |   3.0
            +---------+---------+-------+---------+---------+-------
        D:1 |      59 |       0 |   0.0 |      23 |       0 |   0.0
        D:2 |      65 |      37 |  36.3 |      23 |       1 |   4.2
        D:3 |      39 |      40 |  50.6 |      18 |       1 |   5.3
            +---------+---------+-------+---------+---------+-------
